[ PARTIDA AOE2 · #495839034 ]
UnrankedIndostaníes vs Sicilians
Equipo del jugador · DERR
Equipo rival · VICT
[ ANÁLISIS DE REPETICIÓN · EXTRAÍDO DE LA PARTIDA GRABADA ]
Feudal
9:16
Castillos
20:22
Imperial
—
| APM promedio | 56.8 |
| APM pico | 77 |
| eAPM promedio | 25.8 |
| Aldeanos / militares | 94 / 80 |
Foco
⚔️ 32.8% · 🌾 67.2%
Cavalry Archer ×53 · Scout Cavalry ×12 · Archer ×9 · Mangonel ×5 · Scorpion ×1
Feudal
10:55
Castillos
14:54
Imperial
—
| APM promedio | 31.4 |
| APM pico | 55 |
| eAPM promedio | 19.2 |
| Aldeanos / militares | 135 / 42 |
Foco
⚔️ 24.6% · 🌾 75.4%
Serjeant ×31 · Battering Ram ×7 · Spearman ×3 · Scorpion ×1
Mapa de la partida
Recursos iniciales + cada clic de construcción. Líneas = muros · curvas = relieve. ◆ oro · ⬟ piedra · ● bayas · ✦ reliquia · ◌ hueco del cierre
Tu base· Abierta — flanco sin cerrar
Base de matias_dka· Abierta — flanco sin cerrar
Terreno inicial suavizado · ◌ = hueco del cierre detectado · pasá el cursor para detalles
Inputs por minuto
— DS_Tortafuller - - matias_dka
Build order — DS_Tortafuller
Primeras 150 de 242 acciones detectadas
| 0:01 | Crear | Villager (Male) |
| 0:02 | Crear | Villager (Male) |
| 0:02 | Crear | Villager (Male) |
| 0:02 | Crear | Villager (Male) |
| 0:02 | Crear | Villager (Male) |
| 0:05 | Construir | House |
| 0:06 | Construir | House |
| 0:17 | Crear | Villager (Male) |
| 0:17 | Crear | Villager (Male) |
| 0:44 | Construir | House |
| 1:23 | Crear | Villager (Male) |
| 1:45 | Crear | Villager (Male) |
| 1:45 | Crear | Villager (Male) |
| 2:00 | Crear | Villager (Male) |
| 2:03 | Investigar | Loom |
| 2:29 | Crear | Villager (Male) |
| 2:29 | Crear | Villager (Male) |
| 2:29 | Crear | Villager (Male) |
| 2:41 | Crear | Villager (Male) |
| 2:52 | Crear | Villager (Male) |
| 3:00 | Construir | Lumber Camp |
| 3:03 | Crear | Villager (Male) |
| 3:17 | Crear | Villager (Male) |
| 3:24 | Crear | Villager (Male) |
| 3:57 | Crear | Villager (Male) |
| 3:57 | Crear | Villager (Male) |
| 3:57 | Crear | Villager (Male) |
| 4:19 | Crear | Villager (Male) |
| 4:19 | Crear | Villager (Male) |
| 4:19 | Crear | Villager (Male) |
| 4:37 | Construir | House |
| 4:47 | Crear | Villager (Male) |
| 4:57 | Crear | Villager (Male) |
| 4:58 | Crear | Villager (Male) |
| 5:11 | Construir | House |
| 5:20 | Crear | Villager (Male) |
| 5:29 | Construir | Mill |
| 5:30 | Crear | Villager (Male) |
| 5:32 | Construir | Palisade Wall |
| 5:33 | Construir | Palisade Wall |
| 5:43 | Crear | Villager (Male) |
| 5:46 | Construir | House |
| 5:54 | Crear | Villager (Male) |
| 6:14 | Crear | Villager (Male) |
| 6:29 | Crear | Villager (Male) |
| 7:06 | Investigar | Feudal Age |
| 7:15 | Construir | Lumber Camp |
| 7:35 | Crear | Villager (Male) |
| 7:46 | Crear | Villager (Male) |
| 7:53 | Construir | Barracks |
| 8:02 | Crear | Villager (Male) |
| 8:14 | Crear | Villager (Male) |
| 8:26 | Crear | Villager (Male) |
| 8:49 | Construir | House |
| 8:53 | Crear | Villager (Male) |
| 9:03 | Crear | Villager (Male) |
| 9:04 | Crear | Villager (Male) |
| 9:16 | Edad | Edad Feudal |
| 9:17 | Crear | Villager (Male) |
| 9:25 | Construir | Stable |
| 9:28 | Crear | Villager (Male) |
| 9:30 | Construir | House |
| 9:34 | Crear | Villager (Male) |
| 9:49 | Investigar | Double-Bit Axe |
| 9:58 | Crear | Villager (Male) |
| 10:07 | Construir | Archery Range |
| 10:08 | Crear | Scout Cavalry |
| 10:08 | Crear | Scout Cavalry |
| 10:16 | Crear | Villager (Male) |
| 10:43 | Investigar | Wheelbarrow |
| 10:57 | Crear | Archer |
| 10:57 | Crear | Archer |
| 10:58 | Crear | Archer |
| 11:04 | Crear | Villager (Male) |
| 11:05 | Crear | Scout Cavalry |
| 11:09 | Construir | Farm |
| 11:09 | Construir | Farm |
| 11:10 | Construir | Farm |
| 11:13 | Construir | Farm |
| 11:30 | Crear | Archer |
| 11:37 | Construir | House |
| 11:41 | Crear | Villager (Male) |
| 11:51 | Crear | Villager (Male) |
| 12:00 | Construir | Blacksmith |
| 12:10 | Crear | Villager (Male) |
| 12:13 | Crear | Villager (Male) |
| 12:16 | Crear | Scout Cavalry |
| 12:17 | Crear | Scout Cavalry |
| 12:17 | Crear | Scout Cavalry |
| 12:21 | Construir | House |
| 12:29 | Investigar | Fletching |
| 12:30 | Investigar | Fletching |
| 12:38 | Construir | House |
| 12:39 | Construir | House |
| 12:42 | Investigar | Town Watch |
| 12:43 | Crear | Villager (Male) |
| 12:45 | Crear | Scout Cavalry |
| 12:47 | Crear | Villager (Male) |
| 12:53 | Construir | Mining Camp |
| 13:01 | Construir | Watch Tower |
| 13:02 | Crear | Villager (Male) |
| 13:08 | Crear | Scout Cavalry |
| 13:09 | Crear | Villager (Male) |
| 13:11 | Construir | House |
| 13:25 | Crear | Villager (Male) |
| 13:30 | Crear | Villager (Male) |
| 13:33 | Crear | Archer |
| 13:53 | Crear | Villager (Male) |
| 14:00 | Construir | Farm |
| 14:03 | Investigar | Horse Collar |
| 14:14 | Crear | Villager (Male) |
| 14:23 | Construir | Watch Tower |
| 14:24 | Crear | Villager (Male) |
| 14:27 | Crear | Villager (Male) |
| 14:28 | Crear | Villager (Male) |
| 14:29 | Crear | Archer |
| 14:30 | Crear | Scout Cavalry |
| 14:30 | Crear | Scout Cavalry |
| 14:48 | Construir | Market |
| 15:12 | Construir | Mining Camp |
| 15:20 | Investigar | Forging |
| 15:41 | Construir | Watch Tower |
| 15:51 | Crear | Scout Cavalry |
| 15:51 | Crear | Scout Cavalry |
| 16:01 | Crear | Archer |
| 16:10 | Crear | Villager (Male) |
| 16:11 | Crear | Villager (Male) |
| 16:12 | Crear | Villager (Male) |
| 16:20 | Construir | Lumber Camp |
| 16:22 | Crear | Villager (Male) |
| 16:30 | Crear | Villager (Male) |
| 16:39 | Construir | Mill |
| 17:25 | Construir | Stone Wall |
| 17:27 | Construir | House |
| 17:31 | Construir | Stone Wall |
| 17:42 | Investigar | Castle Age |
| 17:49 | Construir | Mill |
| 18:00 | Construir | House |
| 18:01 | Construir | House |
| 18:04 | Construir | Stone Wall |
| 18:10 | Construir | Watch Tower |
| 18:14 | Crear | Villager (Male) |
| 18:18 | Construir | House |
| 18:19 | Construir | House |
| 18:21 | Construir | House |
| 18:21 | Construir | Palisade Wall |
| 18:23 | Crear | Archer |
| 18:25 | Construir | Archery Range |
| 18:26 | Crear | Archer |
| 18:29 | Crear | Villager (Male) |
Build order — matias_dka
Primeras 150 de 283 acciones detectadas
| 0:04 | Crear | Villager (Male) |
| 0:04 | Crear | Villager (Male) |
| 0:06 | Construir | House |
| 0:08 | Construir | House |
| 0:14 | Crear | Villager (Male) |
| 0:16 | Construir | House |
| 0:17 | Construir | House |
| 0:37 | Investigar | Loom |
| 0:37 | Crear | Villager (Male) |
| 0:37 | Crear | Villager (Male) |
| 1:21 | Crear | Villager (Male) |
| 1:47 | Crear | Villager (Male) |
| 1:47 | Crear | Villager (Male) |
| 1:48 | Crear | Villager (Male) |
| 2:18 | Crear | Villager (Male) |
| 2:18 | Crear | Villager (Male) |
| 2:23 | Crear | Villager (Male) |
| 2:41 | Crear | Villager (Male) |
| 2:41 | Crear | Villager (Male) |
| 2:48 | Crear | Villager (Male) |
| 2:48 | Crear | Villager (Male) |
| 3:04 | Crear | Villager (Male) |
| 3:04 | Crear | Villager (Male) |
| 3:16 | Construir | Lumber Camp |
| 3:17 | Crear | Villager (Male) |
| 3:17 | Crear | Villager (Male) |
| 3:51 | Crear | Villager (Male) |
| 3:51 | Crear | Villager (Male) |
| 3:52 | Crear | Villager (Male) |
| 3:58 | Crear | Villager (Male) |
| 3:58 | Crear | Villager (Male) |
| 4:16 | Crear | Villager (Male) |
| 4:17 | Crear | Villager (Male) |
| 4:18 | Crear | Villager (Male) |
| 4:18 | Crear | Villager (Male) |
| 4:39 | Crear | Villager (Male) |
| 4:39 | Crear | Villager (Male) |
| 4:52 | Crear | Villager (Male) |
| 4:52 | Crear | Villager (Male) |
| 5:12 | Crear | Villager (Male) |
| 5:12 | Crear | Villager (Male) |
| 5:13 | Crear | Villager (Male) |
| 5:16 | Construir | House |
| 5:17 | Construir | House |
| 5:37 | Crear | Villager (Male) |
| 5:37 | Crear | Villager (Male) |
| 5:37 | Crear | Villager (Male) |
| 6:15 | Crear | Villager (Male) |
| 6:15 | Crear | Villager (Male) |
| 6:16 | Crear | Villager (Male) |
| 6:16 | Crear | Villager (Male) |
| 6:16 | Crear | Villager (Male) |
| 6:16 | Crear | Villager (Male) |
| 6:17 | Crear | Villager (Male) |
| 6:23 | Construir | Mining Camp |
| 6:55 | Crear | Villager (Male) |
| 6:55 | Crear | Villager (Male) |
| 7:11 | Crear | Villager (Male) |
| 7:11 | Crear | Villager (Male) |
| 7:26 | Construir | House |
| 7:35 | Construir | House |
| 7:37 | Construir | House |
| 8:03 | Construir | Mill |
| 8:12 | Crear | Villager (Male) |
| 8:12 | Crear | Villager (Male) |
| 8:27 | Crear | Villager (Male) |
| 8:41 | Investigar | Feudal Age |
| 9:02 | Construir | Mining Camp |
| 9:05 | Crear | Villager (Male) |
| 9:06 | Crear | Villager (Male) |
| 9:25 | Construir | House |
| 9:28 | Construir | Palisade Wall |
| 9:30 | Construir | Palisade Wall |
| 9:31 | Construir | Palisade Wall |
| 9:37 | Construir | Palisade Wall |
| 10:02 | Crear | Villager (Male) |
| 10:02 | Crear | Villager (Male) |
| 10:23 | Crear | Villager (Male) |
| 10:55 | Edad | Edad Feudal |
| 10:57 | Crear | Villager (Male) |
| 10:58 | Crear | Villager (Male) |
| 11:03 | Construir | Market |
| 11:14 | Crear | Villager (Male) |
| 11:14 | Crear | Villager (Male) |
| 11:43 | Construir | Blacksmith |
| 11:47 | Crear | Villager (Male) |
| 12:14 | Investigar | Castle Age |
| 12:16 | Crear | Villager (Male) |
| 12:16 | Crear | Villager (Male) |
| 12:23 | Investigar | Double-Bit Axe |
| 12:52 | Construir | Donjon |
| 12:58 | Crear | Villager (Male) |
| 12:58 | Crear | Villager (Male) |
| 13:02 | Construir | Palisade Wall |
| 13:14 | Construir | House |
| 13:28 | Construir | Farm |
| 13:30 | Construir | Farm |
| 13:31 | Investigar | Horse Collar |
| 13:34 | Construir | Farm |
| 13:46 | Construir | Farm |
| 13:48 | Construir | Farm |
| 13:52 | Construir | Farm |
| 13:53 | Construir | Farm |
| 13:55 | Construir | Farm |
| 13:58 | Construir | Farm |
| 13:59 | Construir | Farm |
| 14:02 | Construir | Farm |
| 14:02 | Construir | Farm |
| 14:05 | Crear | Villager (Male) |
| 14:05 | Crear | Villager (Male) |
| 14:09 | Crear | Spearman |
| 14:10 | Crear | Spearman |
| 14:27 | Investigar | Scale Mail Armor |
| 14:51 | Crear | Spearman |
| 14:54 | Edad | Edad de los Castillos |
| 15:07 | Construir | Castle |
| 16:38 | Crear | Serjeant |
| 16:38 | Crear | Serjeant |
| 16:39 | Crear | Serjeant |
| 16:57 | Construir | Lumber Camp |
| 16:58 | Crear | Villager (Male) |
| 16:58 | Crear | Villager (Male) |
| 16:58 | Crear | Villager (Male) |
| 16:59 | Crear | Villager (Male) |
| 17:08 | Crear | Serjeant |
| 17:08 | Crear | Serjeant |
| 17:18 | Crear | Villager (Male) |
| 17:18 | Crear | Villager (Male) |
| 17:41 | Construir | Town Center |
| 17:41 | Crear | Villager (Male) |
| 17:54 | Crear | Villager (Male) |
| 17:55 | Crear | Villager (Male) |
| 18:05 | Crear | Villager (Male) |
| 18:05 | Crear | Villager (Male) |
| 18:05 | Crear | Villager (Male) |
| 18:27 | Crear | Villager (Male) |
| 18:32 | Construir | Donjon |
| 18:34 | Crear | Serjeant |
| 18:34 | Crear | Serjeant |
| 18:34 | Crear | Serjeant |
| 18:36 | Crear | Villager (Male) |
| 18:41 | Investigar | Forging |
| 18:48 | Crear | Villager (Male) |
| 18:52 | Crear | Villager (Male) |
| 18:53 | Crear | Villager (Male) |
| 19:04 | Crear | Villager (Male) |
| 19:14 | Crear | Villager (Male) |
| 19:14 | Crear | Villager (Male) |
| 19:20 | Crear | Serjeant |
| 19:21 | Crear | Serjeant |
Cronología de la partida
| 5:32 | DS_Tortafuller · wall_segment Palisade Wall x1 |
| 5:33 | DS_Tortafuller · wall_segment Palisade Wall x1 |
| 7:53 | DS_Tortafuller · first_building Barracks |
| 9:16 | DS_Tortafuller · age_up feudal |
| 9:25 | DS_Tortafuller · first_building Stable |
| 9:28 | matias_dka · wall_segment Palisade Wall x1 |
| 9:30 | matias_dka · wall_segment Palisade Wall x1 |
| 9:31 | matias_dka · wall_segment Palisade Wall x1 |
| 9:37 | matias_dka · wall_segment Palisade Wall x1 |
| 10:07 | DS_Tortafuller · first_building Archery Range |
| 10:55 | matias_dka · age_up feudal |
| 12:52 | matias_dka · first_building Donjon |
| 13:02 | matias_dka · wall_segment Palisade Wall x1 |
| 14:54 | matias_dka · age_up castle |
| 15:07 | matias_dka · first_building Castle |
| 16:51 | DS_Tortafuller · first_market_sell 100 wood |
| 16:54 | DS_Tortafuller · first_market_buy 100 food |
| 17:25 | DS_Tortafuller · wall_segment Stone Wall x1 |
| 17:31 | matias_dka · first_market_buy 100 wood |
| 17:31 | DS_Tortafuller · wall_segment Stone Wall x1 |
| 17:32 | matias_dka · first_market_sell 100 food |
| 18:04 | DS_Tortafuller · wall_segment Stone Wall x1 |
| 18:21 | DS_Tortafuller · wall_segment Palisade Wall x1 |
| 20:22 | DS_Tortafuller · age_up castle |
| 20:40 | DS_Tortafuller · first_building Castle |
| 21:03 | DS_Tortafuller · wall_segment Stone Wall x1 |
| 21:09 | DS_Tortafuller · wall_segment Stone Wall x1 |
| 21:19 | DS_Tortafuller · wall_segment Stone Wall x1 |
| 21:24 | DS_Tortafuller · wall_segment Stone Wall x1 |
| 22:22 | DS_Tortafuller · first_building Siege Workshop |
| 23:12 | matias_dka · first_building Barracks |
| 24:00 | matias_dka · first_building Siege Workshop |
| 32:46 | DS_Tortafuller · resign |
[ ANÁLISIS IA · 1 CRÉDITO ]
¿Qué pasó realmente en esta partida?
Wolo.gg analiza cada decisión: build order, eco, micro, errores típicos por bracket. Análisis personalizado por WhatsApp o Discord en 30 segundos.
Guía civ
Indostaníes
Perfil
Jugador #5540767